 Dungeon Crawl Stone Soup version 0.18-a0-674-g00855b9 (webtiles) character file.

1142 Raultor the Cleaver (level 8, -2/69 HPs)
             Began as a Hill Orc Gladiator on Dec 6, 2015.
             Slain by an iguana (9 damage)
             ... on level 6 of the Dungeon.
             The game lasted 00:13:12 (4219 turns).

Raultor the Cleaver (Hill Orc Gladiator)            Turns: 4219, Time: 00:13:13

Health: -2/69      AC:  8    Str: 22    XL:     8   Next: 37%
Magic:  8/8        EV: 14    Int:  8    God:
Gold:   304        SH:  0    Dex: 14    Spells: 0 memorised, 7 levels left

rFire  . . .     SeeInvis .     a - +0 war axe
rCold  . . .     Clarity  .     m - +3 leather armour {MR+}
rNeg   . . .     SustAt   .     (no shield)
rPois  .         Gourm    .     o - +1 helmet
rElec  .         Spirit   .     (no cloak)
rCorr  .         Dismiss  .     (no gloves)
rMut   .         Stasis   .     (no boots)
MR     +....                    (no amulet)
Stlth  +.........               n - +3 ring of dexterity
                                y - +2 ring of strength

@: very slightly contaminated, somewhat resistant to hostile enchantments, very
unstealthy
A: no striking features
a: no special abilities


You were on level 6 of the Dungeon.
You were not hungry.

You visited 1 branch of the dungeon, and saw 6 of its levels.

You collected 304 gold pieces.

Inventory:

Hand Weapons
 a - a +0 war axe (weapon)
Missiles
 d - 3 throwing nets {=f, !d}
Armour
 m - a +3 leather armour of magic resistance (worn)
   (You took it off Eustachio on level 5 of the Dungeon)
 o - a +1 helmet (worn)
   (You took it off Robin on level 2 of the Dungeon)
Jewellery
 g - an uncursed ring of sustain attributes
   (You found it on level 1 of the Dungeon)
 j - a +3 ring of evasion
   (You found it on level 2 of the Dungeon)
 n - a +3 ring of dexterity (right hand)
   (You found it on level 2 of the Dungeon)
 y - a +2 ring of strength (left hand)
   (You found it on level 4 of the Dungeon)
Wands
 w - a wand of disintegration (9)
   (You found it on level 3 of the Dungeon)
Scrolls
 f - 3 scrolls of remove curse {unknown}
 i - a scroll of fog {unknown}
 k - a scroll of teleportation {unknown}
 q - a scroll of amnesia {unknown}
 r - 4 scrolls of identify {unknown}
 x - a scroll of random uselessness {unknown}
Potions
 c - a potion of magic {unknown}
 h - a potion of poison {unknown}
 l - a potion of agility {unknown}
 s - a potion of cancellation {unknown}
 t - a potion of flight
 v - a potion of curing {unknown}
Comestibles
 b - a meat ration {@e2}
 e - 5 bread rations {@e1}
 z - a chunk of flesh {@w0}


   Skills:
 + Level 5.5 Fighting
 * Level 8.9 Axes
 - Level 1.7 Throwing
 + Level 4.4 Armour
 + Level 4.4 Dodging


You had 7 spell levels left.
You didn't know any spells.

Dungeon Overview and Level Annotations

Branches:
Dungeon (5/15)
 Temple: D:4-7

Altars:
Sif Muna


Message History

The bat's corpse disappears in a puff of smoke!
Drink which item? (? for menu, Esc to quit)
It was a potion of cure mutation.
It has a very clean taste.
Drink which item? (? for menu, Esc to quit)
It was a potion of haste.
You feel yourself speed up.
You are very lightly contaminated with residual magic.
There is a stone staircase leading down here.
Unknown command.
Eustachio gestures wildly while chanting.
Eustachio blinks!
Eustachio hits you with a rapier.
You hit Eustachio but do no damage. Eustachio barely misses you.
You barely miss Eustachio. You miss Eustachio.
Eustachio mumbles some strange words.
Eustachio blinks!
Eustachio gestures wildly while chanting.
Eustachio blinks!
You closely miss Eustachio. You closely miss Eustachio.
Eustachio hits you but does no damage.
You hit Eustachio but do no damage.
Eustachio gestures wildly while chanting.
You hit Eustachio. You hit the white imp. You closely miss Eustachio.
You barely miss the white imp. Eustachio barely misses you.
The white imp closely misses you.
The crimson imp summons a swarm of flies.
The crimson imp blinks!
You hit Eustachio but do no damage. You hit the white imp.
You kill the white imp!
Eustachio hits you with a rapier!
* * * LOW HITPOINT WARNING * * *
You take 7 damage, and have 17/68 hp.
You slash Eustachio! You hit Eustachio.
You kill Eustachio!
The white imp disappears in a puff of smoke!
The crimson imp disappears in a puff of smoke!
Things that are here:
a rapier; a runed leather armour There isn't anything to butcher here.
m - a runed leather armour Wear which item? (? for menu, Esc to quit)
You start removing your armour.
You continue taking off your +2 animal skin. x4
You finish taking off your +2 animal skin.
You start putting on your armour.
You continue putting on your runed leather armour. x5
You finish putting on your +3 leather armour of magic resistance.
You feel resistant to hostile enchantments.
You regained 2 hp, and now have 19/68 hp.
Drop what? 25/52 slots (_ for help) (? for menu, Esc to quit)
You drop a +2 animal skin.
Your extra speed is starting to run out.
You feel yourself slow down.
You fall through a shaft!
The shaft crumbles and collapses.
An iguana and a centaur come into view.
The centaur shouts!
You regained 3 hp, and now have 22/68 hp.
You are too injured to fight recklessly!
You are too injured to fight recklessly!
The centaur wields a glowing shortbow.
The centaur shoots an arrow.
The arrow hits you but does no damage.
You see here an arrow.
The centaur shoots an arrow.
The arrow closely misses you.
The iguana hisses angrily.
The centaur shoots an arrow.
The arrow hits you.
* * * LOW HITPOINT WARNING * * *
The centaur shoots an arrow.
The arrow hits you.
* * * LOW HITPOINT WARNING * * *
You see here an arrow.
You take 9 damage, and have 13/68 hp.
The centaur unwields an uncursed shortbow of evasion.
The centaur hits you but does no damage.
You slash the centaur! The centaur misses you.
You hit the centaur. You hit the iguana. The centaur closely misses you.
The iguana barely misses you.
The centaur hits you but does no damage.
The iguana closely misses you.
You slash the centaur!
You kill the centaur!
You hit the iguana. The iguana closely misses you.
You closely miss the iguana. The iguana barely misses you.
You barely miss the iguana. The iguana closely misses you.
You slash the iguana!
The iguana bites you but does no damage.
You barely miss the iguana. The iguana bites you.
* * * LOW HITPOINT WARNING * * *
You take 4 damage, and have 11/69 hp.
You barely miss the iguana.
The iguana bites you but does no damage.
You hit the iguana. The iguana bites you.
* * * LOW HITPOINT WARNING * * *
You take 4 damage, and have 7/69 hp.
You barely miss the iguana.
The iguana bites you but does no damage.
You hit the iguana but do no damage. The iguana barely misses you.
You barely miss the iguana. The iguana closely misses you.
You hit the iguana. The iguana bites you!
You die...

##########
#........#
#(.(.....#
#........####
#..(.l@.....#
............)......
...#....##.......#.
........##.......#
...........?.......
..#.....##...####..
........##.... .
.......##.....


You could see an iguana.

Vanquished Creatures
  Grinder (D:3)
  Sigmund (D:2)
  Eustachio (D:5)
  A phantom (D:4)
  A centaur (D:6)
  2 scorpions (D:4)
  A giant frog skeleton (D:4)
  Ijyb (D:2)
  A centaur skeleton (D:4)
  A worker ant (D:4)
  A worker ant zombie (D:5)
  A hound skeleton (D:4)
  Robin (D:2)
  4 gnolls (D:4)
  8 adders
  2 oozes
  2 worms
  An adder skeleton (D:4)
  5 giant geckos
  4 orcs (D:3)
  6 bats
  12 goblins
  10 hobgoblins
  11 kobolds
  2 quokkas
  3 ball pythons
  5 giant cockroaches
  7 giant newts
  14 jackals (D:2)
  A quokka skeleton (D:5)
  7 rats
118 creatures vanquished.

Notes
Turn   | Place    | Note
--------------------------------------------------------------
     0 | D:1      | Raultor the Hill Orc Gladiator began the quest for the Orb.
     0 | D:1      | Reached XP level 1. HP: 18/18 MP: 1/1
     0 | D:1      | Noticed a shadow dragon
     0 | D:1      | Noticed a purple draconian
     3 | D:1      | Noticed an iron dragon
     5 | D:1      | Noticed a golden dragon
     7 | D:1      | Noticed a tentacled monstrosity
     8 | D:1      | Noticed a shadow dragon
     9 | D:1      | Noticed a shadow dragon
    11 | D:1      | Noticed a green draconian
    11 | D:1      | Noticed a tentacled monstrosity
    13 | D:1      | Noticed an iron dragon
    15 | D:1      | Noticed a large abomination
    15 | D:1      | Noticed a shadow dragon
    17 | D:1      | Noticed an orb of fire
    17 | D:1      | Noticed an orb of fire
    19 | D:1      | Noticed a large abomination
    19 | D:1      | Noticed a mottled draconian
    21 | D:1      | Noticed an orb of fire
   302 | D:1      | Reached XP level 2. HP: 18/25 MP: 2/2
   784 | D:1      | Reached skill level 1 in Armour
   880 | D:2      | Reached XP level 3. HP: 21/30 MP: 3/3
   972 | D:2      | Noticed Robin
   985 | D:2      | Killed Robin
   985 | D:2      | Reached skill level 3 in Fighting
   985 | D:2      | Reached skill level 5 in Axes
   985 | D:2      | Reached XP level 4. HP: 14/38 MP: 4/4
   986 | D:2      | HP: 6/38 [hobgoblin/club[Robin] (5)]
  1321 | D:2      | Noticed Ijyb
  1340 | D:2      | Killed Ijyb
  1340 | D:2      | Reached skill level 3 in Dodging
  1399 | D:2      | Noticed Sigmund
  1425 | D:2      | HP: 9/38 [Sigmund/scythe (5)]
  1430 | D:2      | Killed Sigmund
  1430 | D:2      | Reached skill level 6 in Axes
  1430 | D:2      | Reached skill level 2 in Armour
  1430 | D:2      | Reached XP level 5. HP: 29/46 MP: 5/5
  1430 | D:2      | Reached XP level 6. HP: 32/52 MP: 6/6
  2334 | D:3      | Noticed Grinder
  2367 | D:3      | Killed Grinder
  2367 | D:3      | Reached skill level 4 in Fighting
  2367 | D:3      | Reached skill level 7 in Axes
  2367 | D:3      | Reached skill level 3 in Armour
  2367 | D:3      | Reached XP level 7. HP: 53/60 MP: 7/7
  2457 | D:3      | Found a deep blue altar of Sif Muna.
  2785 | D:4      | HP: 11/60 [gnoll/spear (6)]
  2785 | D:4      | HP: 3/60 [gnoll/spear (8)]
  2820 | D:4      | HP: 6/60 [gnoll/spear (3)]
  3289 | D:4      | Reached skill level 4 in Dodging
  3357 | D:4      | Reached skill level 8 in Axes
  3357 | D:4      | Reached skill level 4 in Armour
  3411 | D:4      | Reached skill level 5 in Fighting
  3470 | D:4      | Reached XP level 8. HP: 50/68 MP: 8/8
  3915 | D:5      | Entered Level 5 of the Dungeon
  4096 | D:5      | Noticed Eustachio
  4168 | D:5      | HP: 17/68 [Eustachio/rapier (7)]
  4170 | D:5      | Killed Eustachio
  4202 | D:5      | You fall through a shaft!
  4205 | D:6      | HP: 17/68 [centaur/arrow (5)]
  4213 | D:6      | HP: 11/69 [iguana (4)]
  4219 | D:6      | Slain by an iguana

Vault maps used:
D:1:      shiori_arrival_whats_in_store_for_you, serial_bayou_ford_a
D:2:      first_bread, uniq_iyjb, uniq_sigmund, uniq_robin
D:3:      lemuel_doored_altar, minmay_quantized, uniq_grinder
D:5:      kennysheep_mini_moat, uniq_eustachio
D:6:      minmay_temple_entry_from_below_a, basic_altar

Action                   |  1- 3 |  4- 6 |  7- 9 || total
-------------------------+-------+-------+-------++-------
Melee: War axe           |   103 |   129 |   169 ||   401
  Use: Potion            |       |     3 |     3 ||     6
 Stab: Sleeping          |       |       |     1 ||     1
  Eat: Chunk             |       |     5 |     6 ||    11

Vault maps used:
D:1:      shiori_arrival_whats_in_store_for_you, serial_bayou_ford_a
D:2:      first_bread, uniq_iyjb, uniq_sigmund, uniq_robin
D:3:      lemuel_doored_altar, minmay_quantized, uniq_grinder
D:5:      kennysheep_mini_moat, uniq_eustachio
D:6:      minmay_temple_entry_from_below_a, basic_altar

Table legend:
 A = Turns spent in this place as a percentage of turns spent in the entire game.
 B = Non-inter-level travel turns spent in this place as a percentage of non-inter-level travel turns spent in the entire game.
 C = Inter-level travel turns spent in this place as a percentage of turns spent in this place.
 D = Turns resting spent in this place as a percentage of non-inter-level travel turns spent in this place.
 E = Turns spent auto-exploring this place as a percentage of non-inter-level travel turns spent in this place.
 F = Non-inter-level travel turns spent in this place divided by the number of levels of this place that you've seen.
                   A       B       C       D       E      F
               +-------+-------+-------+-------+-------+----------------------
         Total | 100.0 | 100.0 |   0.5 |   1.2 |  12.7 | 181.2
       Dungeon | 100.0 | 100.0 |   0.5 |   1.2 |  12.7 | 181.2
               +-------+-------+-------+-------+-------+----------------------

Table legend:
 A = Kills in this place as a percentage of kills in entire the game.
 B = Kills by you in this place as a percentage of kills by you in the entire game.
 C = Kills by friends in this place as a percentage of kills by friends in the entire game.
 D = Other kills in this place as a percentage of other kills in the entire game.
 E = Experience gained in this place as a percentage of experience gained in the entire game.
 F = Experience gained in this place divided by the number of levels of this place that you have seen.
                   A       B       C       D       E      F
               +-------+-------+-------+-------+-------+----------------------
         Total | 100.0 | 100.0 |  -nan |  -nan | 100.0 | 272.0
       Dungeon | 100.0 | 100.0 |  -nan |  -nan | 100.0 | 272.0
               +-------+-------+-------+-------+-------+----------------------
